 Dungeon Crawl Stone Soup version 0.31.0-11-ge490571c62 (webtiles) character file.

Game seed: 1967121622867505976

141257 experimilk the Brawler (level 16, -2/158 HPs)
             Began as a Troll Gladiator on Jan 31, 2024.
             Was the Champion of Wu Jian.
             Slain by a +0 spectral demon trident (6 damage)
             ... created by Asterion
             ... on level 2 of the Spider Nest on Feb 1, 2024.
             The game lasted 01:32:13 (31904 turns).

experimilk the Brawler (Troll Gladiator)           Turns: 31904, Time: 01:32:13

Health: -2/158     AC: 13    Str: 32    XL:     16   Next: 77%
Magic:  15/15      EV:  7    Int:  4    God:    Wu Jian [******]
Gold:   3474       SH:  0    Dex: 16    Spells: 15/15 levels left

rFire   + +          .
                       - Unarmed
rCold   x . .        (no shield)
rNeg    . . .        p - +0 fire dragon scales
rPois   .            t - +2 hat
rElec   .            G - +0 cloak of the Saviour {Dex+5}
rCorr   +            (gloves unavailable)
SInv    .            (boots unavailable)
Will    +....        Z - amulet of the acrobat Stlth
                     S - ring of resist corrosion
HPRegen 1.26/turn    o - +4 ring of slaying
MPRegen 0.14/turn

%: acrobat
@: on fire, held, glowing
A: large, unfitting armour, claws 3, regeneration 1, shaggy fur 1, tough skin 1
a: Renounce Religion, Wall Jump, Serpent's Lash, Heavenly Storm


You were on level 2 of the Spider Nest.
You worshipped Wu Jian.
Wu Jian was exalted by your worship.
You visited 4 branches of the dungeon, and saw 24 of its levels.
You also visited: Sewer, Gauntlet and Volcano.

You collected 3823 gold pieces.
You spent 349 gold pieces at shops.

Inventory:

Missiles
 a - 38 poisoned darts
 c - 12 boomerangs
 f - 2 datura-tipped darts
 q - 2 throwing nets
 s - 9 curare-tipped darts
 x - 7 javelins
 z - 60 large rocks (quivered)
Armour
 p - +0 fire dragon scales (worn)
 t - a +2 hat (worn)
 u - +0 swamp dragon scales
 G - the +0 cloak of the Saviour (worn) {Dex+5}
   (You bought it in a shop on level 15 of the Dungeon)

   Dex+5:     It affects your dexterity (+5).
 Y - +1 ice dragon scales
Jewellery
 d - a +6 ring of dexterity
 o - a +4 ring of slaying (right claw)
 C - a ring of flight
 J - a +5 ring of evasion
 N - a ring of protection from fire
 S - a ring of resist corrosion (left claw)
 T - a ring of protection from cold
 U - a +6 ring of strength
 Z - an amulet of the acrobat (around neck)
Wands
 g - a wand of mindburst (9)
 i - a wand of paralysis (3)
 K - a wand of flame (22)
 O - a wand of polymorph (5)
 P - a wand of light (22)
Scrolls
 e - a scroll of fear
 h - 6 scrolls of teleportation
 k - 4 scrolls of fog
 l - 3 scrolls of poison
 n - a scroll of vulnerability
 r - a scroll of blinking
 F - a scroll of enchant armour
 H - a scroll of brand weapon {unknown}
 I - a scroll of torment
 X - a scroll of butterflies {unknown}
Potions
 j - 8 potions of heal wounds
 m - 3 potions of curing
 v - a potion of invisibility
 w - 2 potions of ambrosia
 A - 2 potions of mutation
 B - 2 potions of haste
 E - 4 potions of might
 L - 3 potions of lignification
 Q - 4 potions of enlightenment
 R - 2 potions of berserk rage
Miscellaneous
 b - a tin of tremorstones (2/2)
 y - a lightning rod (4/4)
 V - a phial of floods


   Skills:
 - Level 10.0 Fighting
 * Level 16.5 Throwing
 - Level 12.0 Dodging
 - Level 20.0 Unarmed Combat


You had 15 spell levels left.
You didn't know any spells.
Your spell library contained the following spells:

 Spells                   Type           Power      Damage    Failure   Level
 Magic Dart               Conj           0%         1d3       80%         1
 Necrotise                Necr           0%         1d4       80%         1
 Slow                     Hex            0%         N/A       80%         1
 Sting                    Conj/Alch      0%         1d3       80%         1
 Blink                    Tloc           0%         N/A       91%         2
 Call Imp                 Summ           0%         N/A       91%         2
 Lesser Beckoning         Tloc           0%         N/A       91%         2
 Mercury Vapours          Alch/Air       0%         N/A       91%         2
 Momentum Strike          Conj/Tloc      0%         3d8       91%         2
 Confusing Touch          Hex            0%         N/A       99%         3
 Fugue of the Fallen      Necr           0%         N/A       99%         3
 Ozocubu's Armour         Ice            0%         N/A       99%         3
 Sigil of Binding         Hex            0%         N/A       99%         3
 Vampiric Draining        Necr           0%         2d6       99%         3
 Volatile Blastmotes      Fire/Tloc      0%         2d10      99%         3
 Fulminant Prism          Conj/Alch      0%         3d5       100%        4
 Iskenderun's Mystic Bla  Conj/Tloc      0%         2d3       100%        4
 Manifold Assault         Tloc           0%         N/A       100%        4
 Martyr's Knell           Necr/Summ      0%         N/A       100%        4
 Olgreb's Toxic Radiance  Alch           0%         N/A       100%        4
 Curse of Agony           Necr           0%         N/A       100%        5
 Chain Lightning          Conj/Air       0%         N/A       100%        9
 Fire Storm               Conj/Fire      0%         5d1       100%        9
 Shatter                  Erth           0%         3d5*      100%        9


Dungeon Overview and Level Annotations

Branches:
Dungeon (15/15)            Temple (0/1) D:5            Lair (5/5) D:11
  Swamp (0/4) Lair:3       Spider (2/4) Lair:3        Slime (0/5) Lair:5
    Orc (2/2) D:11            Elf (0/3) Orc:2        Vaults (0/5) D:13
 Depths (0/4) D:15          Sewer (visited)         Volcano (visited)
Gauntlet (visited)

Altars:
Ashenzari
Cheibriados
Elyvilon
Gozag
Hepliaklqana
Kikubaaqudgha
Sif Muna
Trog
Wu Jian
Xom
Yredelemnul
Zin
The Shining One

Shops:
D:15 [   Orc:2 *([=

Annotations:
D:9 1 runed translucent door
Lair:3 1 runed translucent door, Deed's ghost, journeyman MiFi
Lair:4 1 runed translucent door, Juirae's ghost, journeyman TrMo
Spider:1 2 transporters, exclusion: orange crystal statue
Spider:2 Asterion


Innate Abilities, Weirdness & Mutations

You are too large for most types of armour.
You have claws for hands.
Your natural rate of healing is unusually fast.
You are covered in fur. (AC +1)
You have tough skin. (AC +1)


Message History

The jumping spider looks as sick as possible!
The jumping spider pounces on you.
* * * LOW HITPOINT WARNING * * *
You are caught in a web!
The jumping spider bites you.
* * * LOW HITPOINT WARNING * * *
The redback is engulfed in poison gas.
The redback looks as sick as possible!
The redback bites you but does no damage.
A demonic crawler comes into view.
The sun moth is engulfed in poison gas.
The sun moth looks as sick as possible!
The sun moth bites you!!
* * * LOW HITPOINT WARNING * * *
A +0 spectral demon trident comes into view.
Unknown command.
Unknown command.
Read: 2 scrolls of fear
Press: ? - help, Q - select action, (/) - cycle Dir - look around, f - activate Look: Asterion, wielding a +0 spectral demon trident, wearing a +0 chain mail and wearing a +0 kite shield (poison gas, almost dead, fast, extremely poisoned, chance to affect: 47%)
As you read the scroll of fear, it crumbles to dust.
You assume a fearsome visage.
Asterion resists with almost no effort.
The Executioner looks frightened!
The +0 spectral demon trident is unaffected.
The jumping spider looks frightened!
The redback looks frightened!
The sun moth looks frightened!
The redback looks frightened!
The demonic crawler looks frightened!
The sun moth looks frightened!
The liquid fire burns you!
* * * LOW HITPOINT WARNING * * *
Asterion is engulfed in poison gas.
Asterion looks as sick as possible!
Asterion hits you from afar with a +0 spectral demon trident!
* * * LOW HITPOINT WARNING * * *
The +0 spectral demon trident hits you from afar!
* * * LOW HITPOINT WARNING * * *
The jumping spider is engulfed in poison gas.
The jumping spider looks as sick as possible!
The jumping spider leaps!
The redback looks as sick as possible!
The sun moth is engulfed in poison gas.
The sun moth looks even sicker.
The sun moth is engulfed in poison gas.
The sun moth looks as sick as possible!
Asterion is engulfed in poison gas.
Asterion looks as sick as possible!
Asterion hits you but does no damage. The +0 spectral demon trident hits you.
You die...

##...#
###§§.# §
#..§○.#
.^^§○.###☼.#
#
...y°☼###°##
#
...○§§§°s§§#
#
...###○☼§☼y#
# .. ##§○§§#
# . #°○☼@# #
#§○§(§# #
##§sH## #
#§§§○# #
§☼#§§1# #
§☼☼○○..# #
§§○§☼☼§s# #
§☼°☼☼§.☼# #
#


You could see Asterion (fast, extremely poisoned), an Executioner (summoned,
fleeing), 2 sun moths, a jumping spider (fleeing, extremely poisoned), 2
redbacks and a +0 spectral demon trident (wandering).

Vanquished Creatures
  Mlioglotl (Spider:2)
  Agnes (D:14)
  Frances (D:14)
  2 emperor scorpions
  An ironbound preserver (D:13)
  2 orc warlords
  Nessos (Lair:5)
  A minotaur (Gauntlet)
  A spark wasp (Spider:1)
  A red draconian (Volcano)
  An entropy weaver (shapeshifter) (D:15)
  Josephine (Orc:2)
  4 fire dragons
  An entropy weaver (Spider:1)
  6 hydras
  Erolcha (D:13)
  2 death knights (D:14)
  6 boulder beetles
  An alligator (Lair:3)
  5 two-headed ogres
  13 centaur warriors
  7 demonic crawlers (Spider:1)
  2 tengu warriors
  An occultist (D:15)
  An orc high priest (Orc:2)
  Sonja (D:13)
  6 skeletal warriors
  3 pharaoh ants
  An arcanist (D:14)
  2 orb spiders
  A deep troll (D:14)
  3 lindwurms
  Pikel (D:8)
  5 orc knights
  A phantasmal warrior (D:14)
  4 deep elf pyromancers
  25 ugly things
  4 orc sorcerers (Orc:2)
  5 wolf spiders
  14 cyclopes
  7 manticores
  Maurice (D:8)
  A meliai (shapeshifter) (D:13)
  14 elephants
  5 black mambas
  An apocalypse crab (Gauntlet)
  5 molten gargoyles
  5 torpor snails
  Maggie (Lair:2)
  17 cane toads
  5 unseen horrors
  3 yaktaurs
  3 tengu conjurers
  16 komodo dragons
  2 kobold demonologists (D:11)
  2 efreet
  3 polar bears
  3 freezing wraiths
  17 trolls
  A troll (shapeshifter) (D:14)
  Prince Ribbit (D:8)
  12 blink frogs (Lair:2)
  2 hornets
  6 tarantellas
  4 dream sheep (Lair:5)
  10 culicivoras
  11 jumping spiders
  3 slime creatures (D:12)
  3 shadows (D:12)
  6 wraiths
  A centaur simulacrum (D:14)
  A vampire (D:13)
  53 yaks
  6 wyverns
  7 basilisks
  2 fire bats (Volcano)
  2 wargs
  2 steam dragons
  6 vampire mosquitoes
  15 redbacks
  A swamp worm (Gauntlet)
  4 acid dragons
  11 water moccasins
  3 hell hounds (Lair:5)
  30 orc warriors
  7 black bears
  A sky beast (D:8)
  11 centaurs
  9 ogres
  12 wolves
  2 phantoms (D:5)
  Blork the orc (Orc:2)
  5 kobold brigands
  10 bullfrogs
  A gnoll sergeant (D:8)
  2 scorpions (D:6)
  4 small abominations (Gauntlet)
  17 wights
  3 killer bees (D:9)
  3 howler monkeys (D:9)
  2 electric eels
  9 lava snakes
  A hound (D:5)
  5 jellies (Lair:5)
  2 bombardier beetles
  2 iguanas (D:5)
  22 orc priests
  A sleepcap (D:5)
  Natasha (thrice) (D:2)
  31 orc wizards
  A hell rat (Sewer)
  Robin (D:2)
  14 gnolls
  8 adders
  3 river rats
  A shadow imp (D:7)
  3 white imps
  2 ufetubi (D:5)
  7 ribbon worms
  2 dart slugs (D:1)
  47 orcs
  11 ball pythons
  5 bats
  15 endoplasms
  5 giant cockroaches
  13 goblins
  11 hobgoblins
  19 kobolds
  6 quokkas
  6 frilled lizards
  A jackal skeleton (D:9)
  A kobold skeleton (D:9)
  14 rats
  A spectral kobold (D:6)
817 creatures vanquished.

Vanquished Creatures (collateral kills)
  2 yaks
2 creatures vanquished.

Vanquished Creatures (others)
  A yak (D:8)
  An orc wizard (Orc:1)
2 creatures vanquished.

Grand Total: 821 creatures vanquished

Notes
Turn   | Place    | Note
-------+----------+-------------------------------------------
     0 | D:1      | experimilk the Troll Gladiator began the quest for the Orb.
     0 | D:1      | Reached XP level 1. HP: 19/19 MP: 0/0
    67 | D:1      | Reached XP level 2. HP: 25/27 MP: 1/1
   141 | D:1      | Reached skill level 4 in Unarmed Combat
   212 | D:1      | Reached XP level 3. HP: 33/33 MP: 2/2
   276 | D:1      | Found a faded altar of an unknown god.
   921 | D:2      | Noticed Natasha
   934 | D:2      | Killed Natasha
   935 | D:2      | Reached skill level 5 in Unarmed Combat
   935 | D:2      | Reached XP level 4. HP: 39/41 MP: 3/3
  1136 | D:2      | Noticed Natasha
  1144 | D:2      | Killed Natasha
  1324 | D:2      | Noticed Natasha
  1333 | D:2      | Killed Natasha
  1334 | D:2      | Reached XP level 5. HP: 39/48 MP: 4/4
  1581 | D:2      | Noticed Robin
  1586 | D:2      | Reached skill level 6 in Unarmed Combat
  1603 | D:2      | Killed Robin
  2382 | D:3      | Reached XP level 6. HP: 55/55 MP: 5/5
  2559 | D:3      | You fall into a shaft and drop 3 floors!
  2575 | D:6      | Reached skill level 7 in Unarmed Combat
  2575 | D:6      | Found an ornate altar of the Wu Jian Council.
  2580 | D:6      | Found a shimmering altar of Xom.
  2609 | D:6      | Became a worshipper of the Wu Jian Council
  2710 | D:6      | Noticed an orc warrior
  2720 | D:6      | Killed an orc warrior
  2735 | D:6      | Reached skill level 8 in Unarmed Combat
  2740 | D:6      | Reached XP level 7. HP: 52/62 MP: 6/6
  2812 | D:6      | Found an ancient bone altar of Kikubaaqudgha.
  2820 | D:6      | Found a hazy altar of Hepliaklqana.
  2846 | D:6      | Reached skill level 9 in Unarmed Combat
  2897 | D:6      | Reached * piety under Wu Jian
  2915 | D:6      | Reached XP level 8. HP: 70/70 MP: 7/7
  3034 | D:5      | Entered Level 5 of the Dungeon
  3061 | D:5      | Found a staircase to the Ecumenical Temple.
  3118 | D:5      | Found a glowing drain.
  3122 | Sewer    | Entered a sewer
  3150 | Sewer    | Reached skill level 10 in Unarmed Combat
  4329 | D:4      | Identified the ring "Niggen" {Fire *Corrode Int+2 Stlth+}
  5228 | D:5      | Reached skill level 5 in Fighting
  5573 | D:5      | Found a bloodstained altar of Trog.
  5647 | D:5      | Reached ** piety under Wu Jian
  6072 | D:6      | Reached XP level 9. HP: 89/89 MP: 8/8
  6098 | D:6      | Found a shimmering blue altar of Sif Muna.
  6351 | D:7      | Noticed a troll
  6358 | D:7      | Killed a troll
  6669 | D:7      | Found an opulent altar of Gozag.
  7014 | D:8      | Noticed Maurice
  7024 | D:8      | Killed Maurice
  7025 | D:8      | Reached XP level 10. HP: 90/107 MP: 9/9
  7132 | D:8      | Reached *** piety under Wu Jian
  7135 | D:8      | Reached skill level 10 in Fighting
  7194 | D:8      | Noticed Pikel
  7198 | D:8      | Killed Pikel
  7225 | D:8      | Reached skill level 5 in Throwing
  7236 | D:8      | Found a broken altar of Ashenzari.
  7475 | D:8      | Noticed Prince Ribbit
  7492 | D:8      | Killed Prince Ribbit
  7568 | D:8      | Found a glowing golden altar of the Shining One.
  7571 | D:8      | Found a white marble altar of Elyvilon.
  7571 | D:8      | Found a glowing silver altar of Zin.
  7973 | D:9      | Found a runed translucent door.
  7975 | D:9      | Found a basalt altar of Yredelemnul.
  8822 | D:10     | Entered Level 10 of the Dungeon
  8824 | D:10     | Reached XP level 11. HP: 117/117 MP: 10/10
  9425 | D:10     | Reached **** piety under Wu Jian
 10309 | D:11     | Found a staircase to the Lair.
 10327 | D:11     | Noticed a two-headed ogre
 10334 | D:11     | Killed a two-headed ogre
 10379 | D:11     | Noticed a two-headed ogre
 10381 | D:11     | Killed a two-headed ogre
 10382 | D:11     | Reached skill level 10 in Throwing
 10407 | D:11     | Found a gate leading to a gauntlet.
 10411 | Gauntlet | Entered a Gauntlet
 10411 | Gauntlet | Found a transporter.
 10419 | Gauntlet | Found a transporter.
 10420 | Gauntlet | Found a transporter.
 10425 | Gauntlet | Found a runed translucent door.
 10425 | Gauntlet | Found a runed translucent door.
 10430 | Gauntlet | Found a transporter.
 10433 | Gauntlet | Found a transporter.
 10442 | Gauntlet | Found a transporter.
 10457 | Gauntlet | Noticed a death yak
 10457 | Gauntlet | Noticed a death yak
 10457 | Gauntlet | Noticed a death yak
 10458 | Gauntlet | Found a transporter.
 10465 | Gauntlet | Noticed a necromancer
 10469 | Gauntlet | Found a transporter.
 10481 | Gauntlet | Found a transporter.
 10493 | Gauntlet | Noticed a lightning spire
 10493 | Gauntlet | Noticed a wretched star
 10495 | Gauntlet | Found a transporter.
 10495 | Gauntlet | Found a transporter.
 10506 | Gauntlet | Noticed a death yak
 10507 | Gauntlet | Noticed a death yak
 10512 | Gauntlet | Found a transporter.
 10519 | Gauntlet | Found a transporter.
 10519 | Gauntlet | Found a transporter.
 10566 | Gauntlet | Noticed a soul eater
 11264 | Gauntlet | Identified the +6 great mace of Qaczoaba {elec, rElec rPois
                  | MP-9 Str+7}
 11264 | Gauntlet | Identified the +10 crystal plate armour "Hywom" {rElec
                  | Int-4 Dex+4}
 11264 | Gauntlet | Noticed a minotaur
 11273 | Gauntlet | Killed a minotaur
 11428 | D:11     | Reached skill level 11 in Unarmed Combat
 11950 | D:11     | Found a staircase to the Orcish Mines.
 11959 | D:11     | Reached skill level 5 in Dodging
 11959 | D:11     | Reached XP level 12. HP: 112/126 MP: 11/11
 11982 | D:11     | Reached skill level 12 in Unarmed Combat
 12439 | D:11     | Found a snail-covered altar of Cheibriados.
 12639 | Lair:1   | Entered Level 1 of the Lair of Beasts
 12692 | Lair:1   | Reached ***** piety under Wu Jian
 13135 | Lair:1   | Reached skill level 13 in Unarmed Combat
 13589 | Lair:1   | Noticed a six-headed hydra
 13600 | Lair:1   | Killed a seven-headed hydra
 13952 | Lair:2   | Noticed Maggie
 13955 | Lair:2   | Killed Maggie
 13989 | Lair:2   | Reached skill level 14 in Unarmed Combat
 14119 | Lair:2   | Reached XP level 13. HP: 90/133 MP: 12/12
 14473 | Lair:2   | Found a dark tunnel.
 14495 | Lair:2   | Identified the +0 longbow of the Curious Souls {flame,
                  | rCorr Dex+2}
 14517 | Volcano  | Entered a volcano
 14873 | Volcano  | Found a bloodstained altar of Trog.
 15110 | Volcano  | Noticed a red draconian
 15114 | Volcano  | Killed a red draconian
 15115 | Volcano  | Reached skill level 15 in Unarmed Combat
 15163 | Volcano  | Reached skill level 10 in Dodging
 16197 | Lair:3   | Found a runed translucent door.
 16203 | Lair:3   | Noticed Deed's ghost (journeyman MiFi)
 16229 | Lair:3   | Identified the +5 sling of Wyrd {flame, ^Drain Str+4 SInv}
 16302 | Lair:3   | Found a staircase to the Swamp.
 16967 | Lair:3   | Found a hole to the Spider Nest.
 17799 | Lair:4   | Found a runed translucent door.
 17803 | Lair:4   | Noticed Juirae's ghost (journeyman TrMo)
 18333 | Lair:5   | Entered Level 5 of the Lair of Beasts
 18407 | Lair:5   | Noticed Nessos
 18414 | Lair:5   | Killed Nessos
 18509 | Lair:5   | Reached XP level 14. HP: 125/143 MP: 13/13
 18519 | Lair:5   | Found a staircase to the Slime Pits.
 19799 | Lair:5   | Found a large runed translucent door.
 19800 | Lair:5   | Found a large runed translucent door.
 20510 | Orc:1    | Entered Level 1 of the Orcish Mines
 20734 | Orc:1    | Noticed an orc warlord
 20991 | D:11     | Killed an orc warlord
 22241 | Orc:2    | Entered Level 2 of the Orcish Mines
 22241 | Orc:2    | Found a staircase to the Elven Halls.
 22443 | Orc:2    | Noticed Josephine
 22447 | Orc:2    | Killed Josephine
 22899 | Orc:2    | Noticed Blork the orc
 23031 | Orc:2    | Killed Blork the orc
 23036 | Orc:2    | Noticed an orc warlord
 23194 | Orc:2    | Reached ****** piety under Wu Jian
 23396 | Orc:2    | Killed an orc warlord
 23520 | Orc:2    | Found Miycwal's Antique Weapon Shop.
 23522 | Orc:2    | Found Dinaoneh's General Store.
 23789 | Orc:2    | Bought a scroll of identify for 34 gold pieces
 23789 | Orc:2    | Bought a potion of might for 68 gold pieces
 23809 | Orc:2    | Found Kovanut's Antique Armour Shop.
 23824 | Orc:2    | Found Ojegon's Jewellery Shop.
 24104 | D:12     | Reached skill level 15 in Throwing
 24547 | D:12     | Reached XP level 15. HP: 149/149 MP: 14/14
 25224 | D:13     | Noticed Sonja
 25227 | D:13     | Killed Sonja
 25814 | D:13     | Reached skill level 16 in Unarmed Combat
 25862 | D:13     | Noticed Erolcha
 25871 | D:13     | Killed Erolcha
 25930 | D:13     | Found a gate to the Vaults.
 25951 | D:13     | Identified the +7 rapier of the Tiger {antimagic, Fly Int+2
                  | Dex+6}
 26811 | D:14     | Reached skill level 17 in Unarmed Combat
 27203 | D:14     | Noticed Agnes
 27211 | D:14     | Killed Agnes
 27717 | D:14     | Reached skill level 18 in Unarmed Combat
 27849 | D:14     | Identified 2 scrolls of acquirement
 27851 | D:14     | Acquired the +3 robe of Clouds {*Thunder rCloud rElec}
 27851 | D:14     | Found the +3 robe of Clouds {*Thunder rCloud rElec}
 27875 | D:14     | Acquired 1070 gold pieces
 27961 | D:14     | Noticed Frances
 28219 | D:14     | Identified the +1 ring mail of Absence {rF+ Dex+2}
 28428 | D:14     | Killed Frances
 28429 | D:14     | Reached XP level 16. HP: 158/158 MP: 15/15
 28569 | D:14     | Reached skill level 19 in Unarmed Combat
 28625 | D:14     | Identified the +6 morningstar "Piakog" {drain, rF+ rC+
                  | rCorr}
 28973 | D:15     | Entered Level 15 of the Dungeon
 29030 | D:15     | Found Uryit's Antique Armour Boutique.
 29234 | D:15     | Bought a faintly humming cloak for 247 gold pieces
 29234 | D:15     | Identified the +0 cloak of the Saviour {Dex+5} (You bought
                  | it in a shop on level 15 of the Dungeon)
 29737 | D:15     | Found a staircase to the Depths.
 30326 | Spider:1 | Entered Level 1 of the Spider Nest
 30593 | Spider:1 | Reached skill level 20 in Unarmed Combat
 30684 | Spider:1 | Found a transporter.
 30783 | Spider:1 | Found a transporter.
 31015 | Spider:1 | You fall into a shaft and drop 1 floor!
 31015 | Spider:2 | Noticed Mlioglotl
 31023 | Spider:2 | Killed Mlioglotl
 31892 | Spider:2 | Noticed Asterion
 31903 | Spider:2 | Noticed an Executioner
 31904 | Spider:2 | HP: 4/158 [+0 spectral demon trident[Asterion] (10)]
 31904 | Spider:2 | Slain by a +0 spectral demon trident

Illustrated notes

Levels and vault maps discovered:
D:1:      dpeg_arrival_rooms_with_view, layout_basic,
          chequers_ecumenical_altar_simple_redux, kennysheep_doodads,
          serial_park_tiny_2, serial_bayou_ford_a
D:2:      layout_basic, uniq_natasha, uniq_robin
D:3:      layout_basic
D:4:      layout_basic
D:5:      layout_basic, mainiacjoe_overflow_alcove_2, minmay_temple_entry_waves,
          gup_sewer_entry_spiral
D:6:      layout_basic, hellmonk_sif_muna_bookshelves,
          nicolae_hepliaklqana_monster_ancestors, jmf_multi_god_temple,
          nicolae_overflow_crystal_walls
D:7:      layout_cave_pools, grunt_gozag_statues
D:8:      layout_loops_cross, dreamdust_divine_triumvirate,
          mainiacjoe_overflow_cross_hatched, uniq_maurice, uniq_pikel,
          uniq_prince_ribbit1
D:9:      layout_basic, dk_yredelemnul_ordeal
D:10:     minmay_angry_zag, layout_stronghold
D:11:     layout_roguey, david_lair_generic, erik_orc_3, gauntlet_entry_generic,
          slow_altar_2
D:12:     layout_irregular_city
D:13:     minmay_opposing_rooms, layout_basic, skrybe_vaults_entry_preservation,
          uniq_erolcha, uniq_sonja
D:14:     minmay_the_grid_triangle_9x9_line_8_mashed
          [minmay_the_grid_triangle_9x9_semitri,
          minmay_the_grid_triangle_9x9_negative_grid,
          minmay_the_grid_triangle_9x9_thin_v,
          minmay_the_grid_triangle_9x9_alien,
          minmay_the_grid_triangle_9x9_swiss_cheese,
          minmay_the_grid_triangle_9x9_odd_lines,
          minmay_the_grid_triangle_9x9_intruding_spiral,
          minmay_the_grid_triangle_9x9_prize_center], layout_grid_maze,
          infiniplex_staircase_star, uniq_agnes, uniq_frances
D:15:     grunt_enter_depths_hoard, layout_loops_corners, serial_shops, shop,
          minmay_stone_trees_small
Lair:1:   layout_gridlike
Lair:2:   layout_long_grid, nicolae_volcano_entry_vermiform,
          beast_lair_carwin_11, uniq_maggie
Lair:3:   layout_regular_city, mainiacjoe_swamp_entry_lozenge_pond,
          hellmonk_spider_entry_life_and_decay, ebering_ghost_reflecting_pool,
          lemuel_fruit_tree, infiniplex_staircase_pool_2
Lair:4:   layout_regular_city, hellmonk_ghost_happy_afterlife,
          infiniplex_staircase_pool
Lair:5:   cheibrodos_lair_end_hotspot, layout_gridlike,
          nicolae_slime_entry_slimehenge, uniq_nessos
Spider:1: gammafunk_sealed_arena
Spider:2: layout_chambers, nicolae_spider_spiderdrome, uniq_asterion,
          uniq_mlioglotl, uniq_arachne
Orc:1:    layout_caves, nicolae_orc_minecarts
Orc:2:    grunt_orc_cross, layout_caves, uniq_josephine

Skill      XL: |  1  2  3  4  5  6  7  8  9 10 11 12 13 14 15 16 |
---------------+-------------------------------------------------+-----
Unarmed Combat | 4 5 6 8 9 10 11 14 15 18 20 | 20.0
Fighting       | 6 9 10 | 10.0
Throwing       | 7 10 12 15 16 | 16.5
Dodging        | 5 9 11 12 | 12.0

Action                     |  1- 3 |  4- 6 |  7- 9 | 10-12 | 13-15 | 16-18 || total
---------------------------+-------+-------+-------+-------+-------+-------++-------
  Melee: Unarmed           |   105 |    90 |   192 |   396 |   732 |   178 ||  1693
         Punch             |     1 |     6 |     8 |    27 |    74 |    24 ||   140
  Throw: Dart              |    13 |    33 |    44 |    65 |    11 |       ||   166
         Large rock        |     1 |     2 |     8 |    41 |   218 |   118 ||   388
         Boomerang         |       |       |    14 |    20 |    55 |       ||    89
         Javelin           |       |       |       |     7 |    21 |     6 ||    34
         Throwing net      |       |       |       |     5 |     1 |       ||     6
 Invoke: Serpent's Lash    |       |       |       |     3 |    11 |     5 ||    19
         Heavenly Storm    |       |       |       |       |     1 |       ||     1
Ability: Lunge             |       |     1 |    33 |    45 |    99 |    23 ||   201
         Whirlwind         |       |       |    12 |    72 |    83 |    14 ||   181
  Evoke: Wand              |       |       |       |     1 |       |     1 ||     2
    Use: Scroll            |     1 |     1 |    10 |     6 |    16 |     3 ||    37
         Potion            |       |       |       |     1 |     3 |     4 ||     8
   Stab: Sleeping          |     1 |       |     3 |       |       |       ||     4
         Distracted        |       |     1 |       |       |       |       ||     1
         Held in net/web   |       |       |       |     1 |       |     1 ||     2
         Invisible         |       |       |       |       |       |     2 ||     2
 Armour: Robe              |    54 |    52 |    46 |       |       |       ||   152
         Acid dragon scale |       |       |    50 |   113 |       |       ||   163
         Ice dragon scales |       |       |       |   214 |    10 |       ||   224
         Swamp dragon scal |       |       |       |       |   445 |       ||   445
         Skin              |       |       |       |       |     3 |       ||     3
         Fire dragon scale |       |       |       |       |       |   142 ||   142
  Dodge: Dodged            |    38 |    36 |    62 |    95 |   301 |   111 ||   643
